 Dungeon Crawl Stone Soup version 0.31-a0-986-g5e6e4ef867 (webtiles) character file.

Game seed: 11909675797292447495

741 Lobster4 the Digger (level 7, 0/66 HPs)
             Began as a Troll Earth Elementalist on Nov 7, 2023.
             Slain by Blork the orc
             ... wielding a +0 vampiric halberd
              (10 damage)
             ... on level 5 of the Dungeon.
             The game lasted 00:10:38 (3980 turns).

Lobster4 the Digger (Troll Earth Elementalist)      Turns: 3980, Time: 00:10:38

Health: 0/66       AC:  4    Str: 17    XL:     7   Next: 47%
Magic:  6/9        EV: 10    Int: 13    God:
Gold:   251        SH:  0    Dex: 10    Spells: 4/10 levels left

rFire   . .          .
                       - Unarmed
rCold   . . .        (no shield)
rNeg    . . .        a - +0 robe
rPois   .            (helmet restricted)
rElec   .            (no cloak)
rCorr   .            (gloves unavailable)
SInv    .            (boots unavailable)
Will    .....        (no amulet)
Stlth   +            (no ring)
HPRegen 1.11/turn    (no ring)
MPRegen 0.11/turn

%: no passive effects
@: no status effects
A: large, unfitting armour, claws 3, regeneration 1, shaggy fur 1, tough skin 1
a: no special abilities


You were on level 5 of the Dungeon.
You visited 1 branch of the dungeon, and saw 5 of its levels.

You collected 251 gold pieces.

Inventory:

Hand Weapons
 h - a +0 sling
 v - a +0 shortbow
Missiles
 e - 3 poisoned darts
 g - 71 stones
 m - 4 silver javelins
 n - 2 atropa-tipped darts
Armour
 a - a +0 robe (worn)
 d - a +0 kite shield
Jewellery
 w - a ring of positive energy
Wands
 s - a wand of acid (7)
 t - a wand of mindburst (15)
Scrolls
 c - a scroll of enchant weapon {unknown}
 i - 2 scrolls of immolation
 k - 2 scrolls of teleportation
 p - a scroll of fear {unknown}
 q - a scroll of amnesia
 r - a scroll of fog {unknown}
 x - a scroll of enchant armour {unknown}
Potions
 b - a potion of magic
 f - a potion of brilliance
 j - a potion of might
 l - a potion of cancellation
 u - a potion of curing {unknown}


   Skills:
 + Level 2.4 Fighting
 + Level 3.0 Dodging
 - Level 1.0 Stealth
 + Level 2.4 Shields
 + Level 2.8 Unarmed Combat
 + Level 2.2 Spellcasting
 + Level 1.3 Conjurations
 - Level 1.0 Transmutations
 + Level 3.9 Earth Magic
 + Level 0.9 Evocations


You had 4 spell levels left.
You knew the following spells:

 Your Spells              Type           Power      Damage    Failure   Level
a - Sandblast             Erth           22%        2d7       4%          1
b - Passwall              Tmut/Erth      5%         N/A       14%         2
c - Stone Arrow           Conj/Erth      16%        3d8       26%         3

Your spell library contained the following spells:

 Spells                   Type           Power      Damage    Failure   Level
 Magic Dart               Conj           16%        1d3       14%         1
 Shock                    Conj/Air       12%        1d3       19%         1
 Searing Ray              Conj           8%         2d4       22%         2
 Slow                     Hex            4%         N/A       26%         1
 Static Discharge         Conj/Air       6%         3-4/arc   28%         2
 Confusing Touch          Hex            1%         N/A       58%         3
 Sigil of Binding         Hex            1%         N/A       58%         3
 Swiftness                Air            1%         N/A       58%         3
 Vampiric Draining        Necr           1%         2d6       58%         3
 Brom's Barrelling Bould  Conj/Erth      8%         2d3       63%         4
 Petrify                  Tmut/Erth      7%         N/A       65%         4
 Fulminant Prism          Conj/Hex       1%         3d5       88%         4
 Airstrike                Air            0%         2d(1-17)  94%         4
 Summon Lightning Spire   Summ/Air       1%         N/A       94%         4
 Haunt                    Necr/Summ      0%         N/A       100%        7
 Borgnjor's Revivificati  Necr           0%         N/A       100%        8
 Death's Door             Necr           0%         N/A       100%        9


Dungeon Overview and Level Annotations

Branches:
Dungeon (5/15)
 Temple: D:4-7

Altars:
Qazlal

Annotations:
D:4 1 exclusion, Dowan, Duvessa
D:5 Blork the orc


Innate Abilities, Weirdness & Mutations

You are too large for most types of armour.
You have claws for hands.
Your natural rate of healing is unusually fast.
You are covered in fur. (AC +1)
You have tough skin. (AC +1)


Message History

Blork the orc draws strength from your wounds!
You scratch Blork the orc.
Blork the orc is moderately wounded.
Blork the orc hits you with a +0 vampiric halberd.
Blork the orc draws strength from your wounds!
Casting: Sandblast (safe; 4% risk of failure)
Confirm with . or Enter, or press ? or * to list all spells.
Aiming: Sandblast (safe; 4% risk of failure)
Press: ? - help, Shift-Dir - straight line, f/p - Blork the orc
Aim: Blork the orc, wielding a +0 vampiric halberd and wearing a +0 robe (lightly wounded, fast, poisoned, 84% to hit)
The blast of sand hits Blork the orc!
Blork the orc is heavily wounded.
Blork the orc hits you with a +0 vampiric halberd.
Blork the orc points at you and mumbles some strange words.
The puff of flame hits you!
Blork the orc hits you with a +0 vampiric halberd!
Blork the orc draws strength from your wounds!
Casting: Sandblast (safe; 4% risk of failure)
Confirm with . or Enter, or press ? or * to list all spells.
Aiming: Sandblast (safe; 4% risk of failure)
Press: ? - help, Shift-Dir - straight line, f/p - Blork the orc
Aim: Blork the orc, wielding a +0 vampiric halberd and wearing a +0 robe (moderately wounded, fast, poisoned, 84% to hit)
The blast of sand hits Blork the orc!
Blork the orc is heavily wounded.
Blork the orc hits you with a +0 vampiric halberd!
* * * LOW HITPOINT WARNING * * *
Blork the orc draws strength from your wounds!
Blork the orc barely misses you.
Casting: Sandblast (safe; 4% risk of failure)
Confirm with . or Enter, or press ? or * to list all spells.
Aiming: Sandblast (safe; 4% risk of failure)
Press: ? - help, Shift-Dir - straight line, f/p - Blork the orc
Aim: Blork the orc, wielding a +0 vampiric halberd and wearing a +0 robe (moderately wounded, fast, poisoned, 84% to hit)
The blast of sand hits Blork the orc.
Blork the orc is heavily wounded.
Blork the orc looks more healthy.
Blork the orc hits you with a +0 vampiric halberd!
* * * LOW HITPOINT WARNING * * *
Blork the orc hits you with a +0 vampiric halberd!
You die...

######### ##.......##
.#####..####...########.
#......## ###..@o.(..(.
.###..##### ##..#######
#..#[..# ##..# #.....##
##.# #...### )# #..## ..
#...### .#...# #.....#
.###.# #..#...# #.#


You could see Blork the orc (fast).

Vanquished Creatures
  A black bear (D:5)
  2 ogres
  A centaur (D:5)
  2 orc priests (D:4)
  A jelly (D:4)
  A gnoll bouda (D:3)
  A hound (D:5)
  A sleepcap (D:3)
  An orc wizard (D:5)
  11 gnolls
  4 adders
  A worm (D:2)
  A dart slug (D:3)
  12 orcs
  8 endoplasms
  3 giant cockroaches
  4 goblins
  3 hobgoblins (D:1)
  4 kobolds
  2 quokkas (D:4)
  5 ball pythons
  A bat (D:2)
  4 rats
74 creatures vanquished.

Notes
Turn   | Place    | Note
-------+----------+-------------------------------------------
     0 | D:1      | Lobster4 the Troll Earth Elementalist began the quest for
                  | the Orb.
     0 | D:1      | Reached XP level 1. HP: 16/16 MP: 1/1
   530 | D:1      | Reached XP level 2. HP: 24/24 MP: 2/2
   834 | D:2      | Reached skill level 1 in Transmutations
   931 | D:2      | Reached XP level 3. HP: 32/32 MP: 4/4
  1120 | D:2      | Learned a level 2 spell: Passwall
  1409 | D:3      | Found a faded altar of an unknown god.
  1813 | D:3      | Reached skill level 1 in Unarmed Combat
  2115 | D:4      | Reached skill level 1 in Fighting
  2115 | D:4      | Reached skill level 1 in Shields
  2115 | D:4      | Reached XP level 4. HP: 27/41 MP: 5/5
  2168 | D:4      | Noticed an ogre
  2223 | D:4      | Noticed Dowan
  2441 | D:3      | Reached XP level 5. HP: 12/48 MP: 6/6
  2561 | D:4      | Learned a level 3 spell: Stone Arrow
  2684 | D:4      | Killed an ogre
  2685 | D:4      | Reached XP level 6. HP: 57/57 MP: 2/7
  2737 | D:4      | Noticed Duvessa
  3384 | D:5      | Entered Level 5 of the Dungeon
  3431 | D:5      | Reached skill level 1 in Conjurations
  3431 | D:5      | Reached XP level 7. HP: 41/65 MP: 3/9
  3642 | D:5      | Found a stormy altar of Qazlal.
  3969 | D:5      | Noticed Blork the orc
  3980 | D:5      | Slain by Blork the orc

Illustrated notes

Levels and vault maps discovered:
D:1:      amcnicky_arrival_single_pillar, layout_loops_corners,
          nrook_mini_backslash
D:2:      layout_basic
D:3:      layout_basic, basic_ecumenical_altar
D:4:      layout_basic, serial_aquarium, aquarium_bridge_long_joined
          [aquarium_subvault_bridge, aquarium_subvault_balcony,
          aquarium_subvault_window, aquarium_subvault_bridge,
          aquarium_subvault_window, aquarium_subvault_wall], aquarium_window_2,
          aquarium_window_corridor_3, aquarium_window_fake, aquarium_view_2b,
          due_unseen_surprise, uniq_duvessa
D:5:      layout_loops_ring, gammafunk_temple_overflow_claw,
          grunt_qazlal_clouds, nicolae_stop_n_shop_1, uniq_blork_the_orc

Skill      XL: |  1  2  3  4  5  6  7 |
---------------+----------------------+-----
Transmutations | 1 |  1.0
Unarmed Combat | 1 2 |  2.8
Dodging        | 2 3 |  3.0
Earth Magic    | 3 |  3.9
Fighting       | 1 2 |  2.4
Shields        | 1 2 |  2.4
Spellcasting   | 2 |  2.2
Conjurations   | 1 |  1.3
Stealth        | |  1.0
Evocations     | |  0.9

Action                     |  1- 3 |  4- 6 |  7- 9 || total
---------------------------+-------+-------+-------++-------
  Melee: Unarmed           |    72 |    80 |    13 ||   165
         Punch             |     3 |       |       ||     3
  Throw: Dart              |       |     2 |     5 ||     7
   Cast: Sandblast         |     7 |    45 |    18 ||    70
  Evoke: Wand              |       |       |     1 ||     1
    Use: Scroll            |       |     5 |     3 ||     8
   Stab: Sleeping          |     2 |       |       ||     2
 Armour: Robe              |    35 |    97 |    21 ||   153
  Dodge: Dodged            |    32 |    65 |     9 ||   106

Table legend: (Time is in decaauts)
 A = Elapsed time spent in this place.
 B = Non-inter-level travel time spent in this place.
 C = Inter-level travel time spent in this place.
 D = Time resting spent in this place.
 E = Time spent auto-exploring this place.
 F = Levels seen in this place.
 G = Mean time per level.
                   A        B        C        D        E       F      G
               +--------+--------+--------+--------+--------+-----+--------+
         Total |   4017 |   3802 |    215 |    334 |   2683 |   5 |  803.4 |
       Dungeon |   4017 |   3802 |    215 |    334 |   2683 |   5 |  803.4 |
               +--------+--------+--------+--------+--------+-----+--------+

Top non-repeatable levels by time:
     D:3: 1034 daAuts
     D:4: 966 daAuts
     D:1: 829 daAuts
     D:5: 606 daAuts
     D:2: 580 daAuts
